 Dungeon Crawl Stone Soup version 0.17.2-1-ge4368a0 (webtiles) character file.

471 Rottenbandages the Skirmisher (level 6, -1/51 HPs)
             Began as a Mummy Monk on Feb 5, 2018.
             Slain by a centaur (6 damage)
             ... on level 5 of the Dungeon.
             The game lasted 00:07:00 (4783 turns).

Rottenbandages the Skirmisher (Mummy Monk)          Turns: 4783, Time: 00:07:01

Health: -1/51      AC:  7    Str: 15    XL:     6   Next: 83%
Magic:  6/6        EV: 14    Int:  9    God:
Gold:   173        SH:  0    Dex: 16    Spells: 0 memorised, 5 levels left

rFire  x . .     SeeInvis +       - Unarmed
rCold  + . .     Clarity  .     r - +0 robe
rNeg   + + +     SustAt   .     (no shield)
rPois  ∞         Gourm    .     g - +1 helmet
rElec  .         Spirit   .     e - +0 cloak
rCorr  .         Warding  .     f - +1 pair of gloves
rMut   .         Stasis   .     (no boots)
MR     .....                    (no amulet)
Stlth  ++........               (no ring)
                                j - ring of see invisible

@: not resistant to hostile enchantments, unstealthy
A: no food or potions, fire vulnerability, cold resistance 1, negative energy
resistance 3, torment resistance, unbreathing
a: no special abilities


You were on level 5 of the Dungeon.
You were not hungry.

You visited 1 branch of the dungeon, and saw 5 of its levels.

You collected 173 gold pieces.


Innate Abilities, Weirdness & Mutations

You do not eat or drink.
Your flesh is vulnerable to fire.
You are immune to poison.
Your flesh is cold resistant.
You are immune to negative energy.
You are immune to unholy pain and torment.
You can survive without breathing.


   Skills:
 - Level 5.3 Fighting
 + Level 3.7 Dodging
 - Level 1.5 Stealth
 - Level 5.0 Unarmed Combat


You had 5 spell levels left.
You didn't know any spells.

Inventory:

Hand Weapons
 q - a +0 club
Missiles
 p - 5 large rocks
Armour
 e - a +0 cloak (worn)
 f - a +1 pair of gloves (worn)
 g - a +1 helmet (worn)
 n - a +0 shield
 r - a +0 robe (worn)
Jewellery
 j - a ring of see invisible (left hand)
Scrolls
 a - a scroll of immolation {unknown}
 b - 4 scrolls of identify {unknown}
 c - 2 scrolls of teleportation {unknown}
 d - a scroll of blinking {unknown}
 h - a scroll of fog {unknown}
 i - a scroll of recharging {unknown}
 k - a scroll of noise {unknown}
 l - a scroll of enchant armour {unknown}
 m - a scroll of random uselessness {unknown}
 o - 3 scrolls of remove curse {unknown}
 s - a scroll of magic mapping {unknown}

Dungeon Overview and Level Annotations

Branches:
Dungeon (5/15)
 Temple: D:4-7

Altars:
Ashenzari
Gozag
Kikubaaqudgha
Sif Muna
Vehumet
Yredelemnul
Zin

Annotations:
D:2 exclusion: Sigmund, Crazy Yiuf, Sigmund, Terence
D:4 Alipheese's ghost, amateur NaWn; Blork the orc

▒▒▒▒▒▒
▒...<▒▒▒▒.▒
▒▒▒▒▒▒.▒..)......
▒......(..▒▒▒▒▒▒.
▒.▒▒▒▒....▒
▒....M.▒ ▒.▒..▒c▒
.?!...▒.▒
▒▒▒.▒.▒▒.▒ ▒.▒.
.▒ ▒ ▒▒ ▒▒


You could see a centaur.


Message History

Blork the orc looks angry!
Blork the orc screams, "I'll eat your brain!!!
And then I'll vomit it back up!!!"
Blork the orc gestures wildly while chanting!
Blork the orc flickers and vanishes for a moment!
Blork the orc casts a cantrip, but nothing happens!
Blork the orc suddenly yells!
Found a scroll labeled CYLYRU WECEYTU!
There is a stone staircase leading down here!
The quokka skeleton barely misses you!
You climb downwards!
A centaur comes into view!
The centaur shouts!!!
Found a hand axe, a green potion and a scroll labeled ILETHR HOEMOK!
There is a stone staircase leading up here!
The centaur wields a shortbow!
The centaur shoots an arrow!
The arrow misses you!
You see here an arrow!
The centaur shoots an arrow!
The arrow hits you!!! * * * don't die
* * * You take 10 damage, and have 13/51 hp!
The centaur unwields an uncursed shortbow!
The centaur hits you! * * * don't die
* * * The centaur hits you! * * * don't die
* * * You take 8 damage, and have 5/51 hp!
You squash the centaur like an ant!
The centaur is lightly wounded!
The centaur hits you! rip

Action                   |  1- 3 |  4- 6 || total
-------------------------+-------+-------++-------
Melee: Unarmed           |   171 |   222 ||   393
 Stab: Sleeping          |     2 |     4 ||     6
       Distracted        |       |     2 ||     2

Vault maps used:
D:1:      scummos_arrival_hexagon, serial_bayou_lagoon_a
D:2:      kennysheep_big_flooded_room, serial_forest,
          infiniplex_forest_lined_room_3, infiniplex_forest_lined_3_way,
          infiniplex_forest_straight_2, infiniplex_forest_clump_diagonal,
          infiniplex_forest_clump_small, infiniplex_forest_clump_double,
          infiniplex_forest_clump_double, infiniplex_forest_straight_2,
          uniq_sigmund, uniq_crazy_yiuf_cottage, uniq_terence
D:3:      uniq_jessica
D:4:      yredelemnul_altar_generic, grunt_temple_overflow_open,
          lemuel_doored_altar, kennysheep_mini, uniq_blork_the_orc
D:5:      minmay_temple_entry_glass, first_bread, hangedman_feature_mirror,
          grunt_gozag_breadcrumbs

Notes
Turn   | Place    | Note
--------------------------------------------------------------
     0 | D:1      | Rottenbandages the Mummy Monk began the quest for the Orb.
     0 | D:1      | Reached XP level 1. HP: 18/18 MP: 1/1
   196 | D:1      | Reached XP level 2. HP: 16/24 MP: 2/2
   464 | D:1      | SHIT
   540 | D:1      | uuh
   540 | D:1      | well maybe
   540 | D:1      | fuck it
   678 | D:1      | Reached skill level 4 in Unarmed Combat
   859 | D:1      | Reached XP level 3. HP: 29/29 MP: 3/3
  1125 | D:2      | Noticed Terence
  1434 | D:2      | Noticed Crazy Yiuf
  1508 | D:2      | Noticed Sigmund
  1767 | D:2      | Reached XP level 4. HP: 28/35 MP: 4/4
  2678 | D:3      | Reached skill level 5 in Unarmed Combat
  3258 | D:3      | Reached XP level 5. HP: 28/42 MP: 5/5
  3470 | D:3      | Noticed a water moccasin
  3491 | D:3      | Killed a water moccasin
  3491 | D:3      | Reached skill level 5 in Fighting
  3597 | D:3      | Noticed Jessica
  3608 | D:3      | Killed Jessica
  3608 | D:3      | Reached XP level 6. HP: 51/51 MP: 6/6
  3978 | D:4      | Noticed Alipheese's ghost (amateur NaWn)
  4353 | D:4      | Reached skill level 3 in Dodging
  4392 | D:4      | Found a radiant altar of Vehumet.
  4434 | D:4      | Found a glowing silver altar of Zin.
  4435 | D:4      | Found a deep blue altar of Sif Muna.
  4436 | D:4      | Found a shattered altar of Ashenzari.
  4438 | D:4      | Found an opulent altar of Gozag.
  4510 | D:4      | Found an ancient bone altar of Kikubaaqudgha.
  4650 | D:4      | Found a basalt altar of Yredelemnul.
  4742 | D:4      | Noticed Blork the orc
  4778 | D:5      | Entered Level 5 of the Dungeon
  4782 | D:5      | HP: 5/51 [centaur (5)]
  4783 | D:5      | Slain by a centaur

Vanquished Creatures
  A water moccasin (D:3)
  A giant frog (D:4)
  An orc priest (D:4)
  A hound (D:4)
  Jessica (D:3)
  An orc wizard (D:4)
  5 adders
  4 gnolls
  An ooze (D:3)
  An adder skeleton (D:4)
  5 worms
  5 orcs
  2 ball pythons
  3 giant cockroaches
  9 goblins
  7 hobgoblins
  7 jackals
  9 kobolds
  A ball python skeleton (D:4)
  10 bats
  2 giant geckos (D:3)
  4 giant newts
  6 rats
87 creatures vanquished.
